 Dungeon Crawl Stone Soup version 0.30-a0-726-gd89dcf765f (webtiles) character file.

Game seed: 4906605848917052880

62 jimonade the Cutter (level 4, -2/23 HPs)
             Began as a Vine Stalker Gladiator on Jan 30, 2023.
             Slain by a scorpion (6 damage)
             ... on level 3 of the Dungeon.
             The game lasted 00:03:30 (2279 turns).

jimonade the Cutter (Vine Stalker Gladiator)        Turns: 2279, Time: 00:03:31

Health: -2/23      AC:  6    Str: 17    XL:     4   Next: 8%
Magic:  0/14       EV: 12    Int:  8    God:
Gold:   170        SH:  0    Dex: 17    Spells: 3/3 levels left

rFire   . . .      SeeInvis .    a - +1 short sword (vamp)
rCold   . . .      Faith    .    (no shield)
rNeg    . . .      Spirit   +    t - +0 ring mail
rPois   .          Reflect  .    c - +0 helmet
rElec   .          Harm     .    (no cloak)
rCorr   .          Rampage  .    (no gloves)
Will    .....                    (no boots)
Stlth   +                        (no amulet)
HPRegen 1.03/turn                n - ring of magical power
MPRegen 0.14/turn                (no ring)

@: no status effects
A: fangs 2, regeneration 1, magic shield, antimagic bite, no potion heal 2
a: no special abilities


You were on level 3 of the Dungeon.
You visited 1 branch of the dungeon, and saw 3 of its levels.

You collected 170 gold pieces.

Inventory:

Hand Weapons
 a - a +1 vampiric short sword (weapon)
 b - a +0 sling
 s - a +0 rapier
 B - a +0 rapier
Missiles
 d - 3 throwing nets (quivered)
 e - a javelin
 q - 8 poisoned darts
Armour
 c - a +0 helmet (worn)
 f - a +0 leather armour
 l - a +0 scale mail
 t - a +0 ring mail (worn)
 z - the +1 leather armour "Tojir" {Rampage *Corrode +Inv rElec}
   (You found it on level 3 of the Dungeon)

   rElec:     It insulates you from electricity.
   +Inv:      It lets you turn invisible.
   *Corrode:  It may corrode you when you take damage.
   Rampage:   It bestows one free step when moving towards enemies.
Jewellery
 n - a ring of magical power (left hand)
Scrolls
 h - 3 scrolls of teleportation {unknown}
 i - a scroll of immolation {unknown}
 j - 2 scrolls of poison {unknown}
 k - 2 scrolls of brand weapon {unknown}
 m - a scroll of blinking {unknown}
 o - a scroll of fog {unknown}
 r - a scroll of vulnerability {unknown}
 u - 4 scrolls of identify {unknown}
 v - a scroll of fear {unknown}
 w - a scroll of magic mapping {unknown}
 x - a scroll of summoning {unknown}
 y - a scroll of torment {unknown}
Potions
 g - a potion of curing {unknown}
 p - a potion of degeneration {unknown}
 A - a potion of ambrosia {unknown}
 C - a potion of berserk rage {unknown}


   Skills:
 + Level 2.0 Fighting
 * Level 3.5 Short Blades
 + Level 0.9 Ranged Weapons
 + Level 1.9 Throwing
 + Level 0.7 Armour
 + Level 2.7 Dodging


You had 3 spell levels left.
You didn't know any spells.
Your spell library was empty.

Dungeon Overview and Level Annotations

Branches:
Dungeon (3/15)

Altars:
Wu Jian

Shops:
D:2 (   D:3 ?


Innate Abilities, Weirdness & Mutations

You have extremely sharp teeth.
Your natural rate of healing is unusually fast.
When hurt, damage is shared between your health and your magic reserves.
Your bite disrupts and absorbs the magic of your enemies.
Potions cannot restore your health.


Message History

* * * LOW HITPOINT WARNING * * *
Something burns you. The orc barely misses you.
You hit the orc.
You feel better.
Your bite misses the orc.
The orc is almost dead.
Something hits you but does no damage. The orc closely misses you.
You barely miss the orc.
The orc is almost dead.
You bump into the rock wall.
Something hits you. Something burns you. The orc barely misses you.
You miss the orc. You bite the orc, but do no damage.
The orc is almost dead.
You feel less confused. Something hits you. Something burns you.
* * * LOW HITPOINT WARNING * * *
The orc hits you with a +0 whip.
* * * LOW HITPOINT WARNING * * *
You hit the orc.
You feel better.
You kill the orc!
Something hits you. Something burns you.
* * * LOW HITPOINT WARNING * * *
You hit the endoplasm.
You feel better.
The endoplasm is moderately wounded.
The endoplasm closely misses you. Something hits you but does no damage.
You hit the endoplasm.
You feel better.
You bite the endoplasm.
You kill the endoplasm!
You hear some strange, mumbled words.
A puff of flame appears from out of thin air!
The puff of flame hits you!
* * * LOW HITPOINT WARNING * * *
You hit the scorpion. Your bite misses the scorpion.
The scorpion is lightly wounded.
The scorpion stings you but does no damage.
Something hits you.
* * * LOW HITPOINT WARNING * * *
Something burns you.
* * * LOW HITPOINT WARNING * * *
You completely miss the scorpion.
The scorpion is lightly wounded.
The scorpion stings you.
You die...

##########
#....<...#
#.######.# #
#.# #. #.#
>######## #.#
.......## #.#
#{s.....# #.#
#@# #.######
#)# #....... #
#)# ######## .#
#.#.# # .#
#..##.#.####..#
# # #.
#.............#
# #.
...####.###)..#
.# #.# #...# #.
#.# #...#


You could see a scorpion.

Vanquished Creatures
  An adder (D:3)
  A worm (D:2)
  4 orcs (D:3)
  3 bats
  6 endoplasms
  3 giant cockroaches
  4 goblins
  5 hobgoblins
  5 ball pythons
  A frilled lizard (D:1)
  4 kobolds
  4 rats
41 creatures vanquished.

Vanquished Creatures (others)
  4 plants (D:2)
4 creatures vanquished.

Grand Total: 45 creatures vanquished

Notes
Turn   | Place    | Note
-------+----------+-------------------------------------------
     0 | D:1      | jimonade the Vine Stalker Gladiator began the quest for the
                  | Orb.
     0 | D:1      | Reached XP level 1. HP: 11/11 MP: 2/2
   227 | D:1      | Reached skill level 3 in Short Blades
   234 | D:1      | Reached XP level 2. HP: 12/15 MP: 3/3
  1369 | D:2      | Found Umpazeh's Antique Weapon Shop.
  1571 | D:2      | Reached XP level 3. HP: 18/18 MP: 4/4
  1901 | D:3      | Identified the +1 leather armour "Tojir" {Rampage *Corrode
                  | +Inv rElec}
  2006 | D:3      | Found an ornate altar of the Wu Jian Council.
  2052 | D:3      | Found Qemmaxto's Magic Scroll Shop.
  2266 | D:3      | Gained mutation: Your natural rate of healing is unusually
                  | fast. [Vine Stalker growth]
  2266 | D:3      | Reached XP level 4. HP: 6/23 MP: 5/5
  2267 | D:3      | Noticed a scorpion
  2279 | D:3      | Slain by a scorpion

Illustrated notes

Levels and vault maps discovered:
D:1:      tarquinn_simple_flora_water_f, layout_basic, roderic_roman_lattice
D:2:      layout_basic, serial_shops, nicolae_shop_overgrown_old_shop
D:3:      layout_loops_ring, mainiacjoe_overflow_small_starburst, serial_shops,
          shop, minmay_starry_boxes

Skill      XL: |  1  2  3 |
---------------+----------+-----
Short Blades   | 3 |  3.5
Fighting       | 2 |  2.0
Ranged Weapons | |  0.9
Throwing       | |  1.9
Armour         | |  0.7
Dodging        | |  2.7

Action                     |  1- 3 |  4- 6 || total
---------------------------+-------+-------++-------
  Melee: Rapier            |    64 |       ||    64
         Bite              |    26 |     4 ||    30
         Short sword       |    32 |    11 ||    43
   Fire: Sling             |    10 |       ||    10
 Armour: Leather armour    |     5 |       ||     5
         Ring mail         |    18 |     8 ||    26
  Dodge: Dodged            |    49 |     5 ||    54

Table legend: (Time is in decaauts)
 A = Elapsed time spent in this place.
 B = Non-inter-level travel time spent in this place.
 C = Inter-level travel time spent in this place.
 D = Time resting spent in this place.
 E = Time spent auto-exploring this place.
 F = Levels seen in this place.
 G = Mean time per level.
                   A        B        C        D        E       F      G
               +--------+--------+--------+--------+--------+-----+--------+
         Total |   2274 |   2125 |    149 |      0 |   1806 |   3 |  758.0 |
       Dungeon |   2274 |   2125 |    149 |      0 |   1806 |   3 |  758.0 |
               +--------+--------+--------+--------+--------+-----+--------+

Top non-repeatable levels by time:
     D:1: 1113 daAuts
     D:2: 691 daAuts
     D:3: 469 daAuts
